 Dungeon Crawl Stone Soup version 0.21.1-1-g345015fe64 (webtiles) character file.

4434 JarielCorvus the Thaumaturge (level 10, -4/50 HPs)
             Began as a Deep Elf Fire Elementalist on July 3, 2018.
             Was a Believer of Vehumet.
             Slain by a hog (11 damage)
             ... on level 8 of the Dungeon.
             The game lasted 00:32:52 (8245 turns).

JarielCorvus the Thaumaturge (DEFE)                 Turns: 8245, Time: 00:32:53

Health: -4/50      AC:  5    Str:  5    XL:     10   Next: 14%
Magic:  16/26      EV: 17    Int: 28    God:    Vehumet [**....]
Gold:   345        SH:  0    Dex: 19    Spells: 7/30 levels left

rFire    . . .     SeeInvis .   z - +5 long sword of Regicide {flame, rElec Int+4 Dex+4}
rCold    . . .     Gourm    .   (no shield)
rNeg     . . .     Faith    .   a - +0 robe
rPois    +         Spirit   .   (no helmet)
rElec    +         Reflect  .   v - +2 cloak
rCorr    .         Harm     .   (no gloves)
MR       +....                  (no boots)
Stlth    ++........             (no amulet)
HPRegen  0.16/turn              y - +4 ring of evasion
MPRegen  0.20/turn              B - ring of poison resistance

@: no status effects
A: no striking features
a: Renounce Religion


You were on level 8 of the Dungeon.
You worshipped Vehumet.
Vehumet was pleased with you.
You were not hungry.

You visited 2 branches of the dungeon, and saw 9 of its levels.

You collected 506 gold pieces.
You spent 161 gold pieces at shops.

Inventory:

Hand Weapons
 w - the +2 trident of Instant Death {speed, -Tele MP+9 Dex+5}
   (You bought it in a shop on level 4 of the Dungeon)

   Attacks with this weapon are significantly faster.
   It affects your dexterity (+5).
   It affects your magic capacity (+9).
   It prevents most forms of teleportation.
 z - the +5 long sword of Regicide (weapon) {flame, rElec Int+4 Dex+4}
   (You found it on level 5 of the Dungeon)

   It has been specially enchanted to burn those struck by it, causing extra
   injury to most foes and up to half again as much damage against particularly
   susceptible opponents.
   Big, fiery blades are also staple armaments of hydra-hunters.
   It affects your intelligence (+4).
   It affects your dexterity (+4).
   It insulates you from electricity.
 H - the +1 demon whip "Ulumoec" {flame, rN+, unknown}
   (You found it on level 8 of the Dungeon)

   It has been specially enchanted to burn those struck by it, causing extra
   injury to most foes and up to half again as much damage against particularly
   susceptible opponents.
   It protects you from negative energy.
Armour
 a - a +0 robe (worn)
 d - a +0 cloak of invisibility
 m - a +0 robe
 u - a +0 robe
 v - a +2 cloak (worn)
 G - a +0 pair of gloves
Jewellery
 y - a +4 ring of evasion (left hand)
 B - a ring of poison resistance (right hand)
 C - a cursed -6 ring of evasion
 D - an uncursed amulet of magic regeneration {unknown}
Wands
 h - a wand of flame (30)
 s - a wand of disintegration (12)
Scrolls
 g - a scroll of fear
 j - a scroll of magic mapping
 n - a scroll of enchant weapon
 q - 3 scrolls of teleportation
 x - 4 scrolls of remove curse
 E - a scroll of random uselessness {unknown}
 I - a scroll of enchant armour
Potions
 i - a potion of invisibility {unknown}
 k - a potion of mutation {unknown}
 o - 2 potions of brilliance {unknown}
 p - a potion of lignification {unknown}
 t - a potion of resistance {unknown}
 A - a potion of might {unknown}
Books
 b - a book of Flames

   Spells                             Type                      Level
   a - Flame Tongue                   Conjuration/Fire             1
   b - Throw Flame                    Conjuration/Fire             2
   c - Conjure Flame                  Conjuration/Fire             3
   d - Inner Flame                    Hexes/Fire                   3
   e - Sticky Flame                   Conjuration/Fire             4
   f - Fireball                       Conjuration/Fire             5
 l - a book of Minor Magic

   Spells                             Type                      Level
   a - Magic Dart                     Conjuration                  1
   b - Blink                          Translocation                2
   c - Call Imp                       Summoning                    2
   d - Slow                           Hexes                        2
   e - Conjure Flame                  Conjuration/Fire             3
   f - Mephitic Cloud                 Conjuration/Poison/Air       3
 r - a book of Cantrips

   Spells                             Type                      Level
   a - Confusing Touch                Hexes                        1
   b - Animate Skeleton               Necromancy                   1
   c - Summon Small Mammal            Summoning                    1
   d - Apportation                    Translocation                1
 F - a book of Frost

   Spells                             Type                      Level
   a - Freeze                         Ice                          1
   b - Throw Frost                    Conjuration/Ice              2
   c - Ozocubu's Armour               Charms/Ice                   3
   d - Throw Icicle                   Conjuration/Ice              4
   e - Summon Ice Beast               Ice/Summoning                4
Comestibles
 c - 9 rations


   Skills:
 + Level 4.2 Long Blades
 - Level 2.4 Dodging
 - Level 2.4 Stealth
 - Level 10.6 Spellcasting
 * Level 9.8 Conjurations
 + Level 8.8 Fire Magic


You had 7 spell levels left.
You knew the following spells:

 Your Spells              Type           Power        Failure   Level  Hunger
a - Flame Tongue          Conj/Fire      #####        1%          1    None
b - Throw Flame           Conj/Fire      ######       1%          2    None
c - Conjure Flame         Conj/Fire      ######..     1%          3    None
d - Inner Flame           Hex/Fire       #####...     1%          3    None
e - Sticky Flame          Conj/Fire      ######..     1%          4    None
f - Fireball              Conj/Fire      ######....   2%          5    ###....
g - Magic Dart            Conj           ####         1%          1    None
h - Mephitic Cloud        Conj/Pois/Air  ####....     3%          3    None
i - Freeze                Ice            ##..         3%          1    None


Dungeon Overview and Level Annotations

Branches:
Dungeon (8/15)             Temple (1/1) D:6
   Lair: D:8-11

Altars:
Ashenzari
Cheibriados
Dithmenos
Elyvilon
Fedhas
Gozag
Hepliaklqana
Kikubaaqudgha
Makhleb
Nemelex Xobeh
Okawaru
Qazlal
Ru
Sif Muna
Trog
Uskayaw
Vehumet
Wu Jian
Xom
Yredelemnul
Zin
The Shining One

Shops:
D:4 (

Annotations:
D:8 Prince Ribbit


Message History

* * * LOW HITPOINT WARNING * * *
Casting: Flame Tongue
Confirm with . or Enter, or press ? or * to list all spells.
Aiming: Fireball
Press: ? - help, Shift-Dir - straight line, f/p - hog
Aim: a hog (severely wounded)
Okay, then.
The hog barely misses you.
Casting: Fireball
Confirm with . or Enter, or press ? or * to list all spells.
Aiming: Fireball
Press: ? - help, Shift-Dir - straight line, f - hog, p - hog
Aim: a hog (severely wounded)
Okay, then.
You feel better. The hog closely misses you. The hog bites you!
* * * LOW HITPOINT WARNING * * *
The hog misses you. The hog closely misses you. The hog bites you!
You die...

.....#
##..#.......#.##.....##
.#####
#..##.....##.###...#### .#
#..####.####.# #....... ##
#............# #..#####
#.##.##..###.# #..#
#.....##.# #.# #..# ###
#.##..##.###.###..#
#####.#####.##..##........h.#
............##..@h.....####.#
#####.#######....h......#
#.##### ### ##.########.#
#.h[).# ### #.# ##[.)h. #.#
#.##.# ####################.#
#.##.# #....(.............#.#
#.##.#
##.#.######.........#.#
#)##.#
#.......###.######..#.#
#.#...


You could see 2 hogs.

Vanquished Creatures
  A two-headed ogre (D:8)
  The ghost of zorgos the Ducker, an amateur DsGl (D:3)
  A hippogriff (D:8)
  Sigmund (D:3)
  An acid dragon (D:8)
  3 orc warriors
  3 ice beasts
  2 phantoms
  7 ogres
  2 centaurs
  2 bullfrogs
  4 scorpions
  4 howler monkeys
  2 crimson imps
  2 jellies
  A quasit (D:8)
  2 bullfrog zombies
  A centaur zombie (D:8)
  8 orc priests
  3 hounds
  Jessica (D:3)
  2 iguanas
  8 orc wizards
  2 worker ants
  A hound zombie (D:5)
  A hound skeleton (D:4)
  2 worker ant zombies
  12 adders
  4 gnolls (D:3)
  2 shadow imps
  3 oozes
  2 adder zombies
  3 worms
  3 dart slugs
  4 leopard geckos
  29 orcs
  3 ball pythons
  A giant cockroach (D:5)
  11 goblins
  A hobgoblin (D:1)
  18 jackals
  5 kobolds
  A quokka (D:5)
  3 bats
  8 frilled lizards
  A jackal skeleton (D:5)
  A quokka skeleton (D:6)
  9 rats
192 creatures vanquished.

Notes
Turn   | Place    | Note
-------+----------+-------------------------------------------
     0 | D:1      | JarielCorvus the Deep Elf Fire Elementalist began the quest for the Orb.
     0 | D:1      | Reached XP level 1. HP: 10/10 MP: 6/6
   232 | D:1      | Reached XP level 2. HP: 10/15 MP: 4/8
   327 | D:1      | Learned a level 2 spell: Throw Flame
   668 | D:1      | Reached skill level 4 in Spellcasting
   949 | D:2      | Reached XP level 3. HP: 19/19 MP: 7/10
   999 | D:2      | Learned a level 3 spell: Conjure Flame
  1003 | D:2      | Learned a level 3 spell: Inner Flame
  1619 | D:2      | Reached XP level 4. HP: 24/24 MP: 6/12
  1904 | D:3      | Noticed Sigmund
  1933 | D:3      | Killed Sigmund
  1933 | D:3      | Reached skill level 6 in Spellcasting
  1933 | D:3      | Reached XP level 5. HP: 17/28 MP: 7/15
  2173 | D:3      | Noticed zorgos's ghost (amateur DsGl)
  2182 | D:3      | Killed zorgos's ghost
  2182 | D:3      | Reached skill level 7 in Spellcasting
  2182 | D:3      | Reached skill level 5 in Fire Magic
  2182 | D:3      | Reached XP level 6. HP: 32/32 MP: 0/18
  2414 | D:3      | Noticed Jessica
  2527 | D:3      | Killed Jessica
  2706 | D:3      | Reached XP level 7. HP: 36/36 MP: 5/19
  3316 | D:4      | Reached skill level 8 in Spellcasting
  3423 | D:4      | Found Vaogelao's Antique Weapon Emporium.
  3430 | D:4      | Bought an ichor-stained trident for 161 gold pieces
  3430 | D:4      | Identified the cursed +2 trident of Instant Death {speed, -Tele MP+9 Dex+5} (You bought it in a shop on level 4 of the Dungeon)
  3702 | D:4      | Reached skill level 9 in Spellcasting
  3702 | D:4      | Reached skill level 5 in Conjurations
  3708 | D:4      | Reached XP level 8. HP: 18/41 MP: 13/23
  4256 | D:4      | Learned a level 4 spell: Sticky Flame
  4262 | D:4      | Learned a level 5 spell: Fireball
  4732 | D:5      | Entered Level 5 of the Dungeon
  4857 | D:5      | Got a scorched long sword
  4858 | D:5      | Identified the +5 long sword of Regicide {flame, rElec Int+4 Dex+4} (You found it on level 5 of the Dungeon)
  4919 | D:5      | Reached skill level 10 in Spellcasting
  5379 | D:6      | Reached skill level 1 in Long Blades
  5579 | D:6      | Found a staircase to the Ecumenical Temple.
  5663 | D:6      | Reached XP level 9. HP: 45/45 MP: 18/25
  5684 | Temple   | Entered the Ecumenical Temple
  5711 | Temple   | Became a worshipper of Vehumet
  6751 | D:7      | Identified a scroll of acquirement
  6793 | D:8      | Reached * piety under Vehumet
  6793 | D:8      | Offered knowledge of Freeze by Vehumet.
  7000 | D:8      | Learned a level 1 spell: Magic Dart
  7004 | D:8      | Learned a level 3 spell: Mephitic Cloud
  7006 | D:8      | Learned a level 1 spell: Freeze
  7219 | D:8      | Found a stormy altar of Qazlal.
  7244 | D:8      | Noticed a two-headed ogre
  7262 | D:8      | Killed a two-headed ogre
  7271 | D:8      | Reached XP level 10. HP: 35/50 MP: 2/26
  7430 | D:8      | Reached ** piety under Vehumet
  7430 | D:8      | Offered knowledge of Sting by Vehumet.
  8075 | D:8      | Got a brightly glowing demon whip
  8199 | D:8      | Noticed Prince Ribbit
  8237 | D:8      | HP: 1/50 [hog (8)]
  8245 | D:8      | Slain by a hog

Skill      XL: |  1  2  3  4  5  6  7  8  9 |
---------------+----------------------------+-----
Spellcasting   | 4 6 7 9 10 | 10.6
Conjurations   | 2 3 4 5 6 9 |  9.8
Fire Magic     | 4 5 6 7 8 |  8.8
Long Blades    | 1 4 |  4.2
Dodging        | |  2.4
Stealth        | |  2.4

Action                   |  1- 3 |  4- 6 |  7- 9 | 10-12 || total
-------------------------+-------+-------+-------+-------++-------
Melee: Short sword       |       |     1 |     3 |       ||     4
       Trident           |       |       |    20 |       ||    20
       Long sword        |       |       |    22 |     3 ||    25
 Cast: Flame Tongue      |    51 |    21 |   108 |    32 ||   212
       Throw Flame       |    14 |    31 |   135 |    16 ||   196
       Conjure Flame     |       |     4 |     9 |     1 ||    14
       Inner Flame       |       |     1 |       |       ||     1
       Fireball          |       |       |     9 |     7 ||    16
       Magic Dart        |       |       |    33 |    10 ||    43
       Mephitic Cloud    |       |       |       |     1 ||     1
 Abil: Evoke Invisibilit |       |     1 |       |       ||     1
  Use: Scroll            |     4 |     5 |    10 |       ||    19
       Potion            |       |       |     1 |     3 ||     4
 Stab: Sleeping          |       |     1 |       |       ||     1
  Eat: Chunk             |     2 |     1 |     8 |     2 ||    13
       Ration            |       |     1 |     2 |     1 ||     4
Armor: Robe              |     3 |     1 |    25 |     3 ||    32
Dodge: Dodged            |    15 |     6 |    58 |    31 ||   110
       Rpst.: Long sword |       |       |    11 |     8 ||    19
